 Dungeon Crawl Stone Soup version 0.29-a0-617-g7a6b98fccd (webtiles) character file.

Game seed: 4221359564238414923

46 fernweh the Cutter (level 3, 0/25 HPs)
             Began as a Gnoll Wanderer on June 18, 2022.
             Was a Follower of Hepliaklqana.
             Slain by a goblin
             ... wielding a +0 club
              (4 damage)
             ... on level 2 of the Dungeon.
             The game lasted 00:09:10 (974 turns).

fernweh the Cutter (Gnoll Wanderer)                  Turns: 974, Time: 00:09:10

Health: 0/25       AC:  2    Str:  7    XL:     3   Next: 66%
Magic:  14/18      EV: 11    Int: 12    God:    Hepliaklqana [*.....]
Gold:   41         SH:  0    Dex: 16    Spells: 11/12 levels left

rFire   . . .      SeeInvis .   g - +4 dagger (venom)
rCold   . . .      Faith    .   (no shield)
rNeg    . . .      Spirit   .   c - +0 robe
rPois   .          Reflect  .   (no helmet)
rElec   .          Harm     .   (no cloak)
rCorr   .          Rampage  .   (no gloves)
Will    .....                   (no boots)
Stlth   ++........              (no amulet)
HPRegen 0.08/turn               i - ring of magical power
MPRegen 0.16/turn               (no ring)

@: brilliant, very slightly contaminated
A: reduced essence, fangs 1, strong nose, distributed training
a: Renounce Religion, Recall Ancestor, Ancestor Identity


You were on level 2 of the Dungeon.
You worshipped Hepliaklqana.
Hepliaklqana was aware of your devotion.
You visited 1 branch of the dungeon, and saw 2 of its levels.

You collected 41 gold pieces.

Inventory:

Hand Weapons
 a - a +1 short sword
 g - a +4 dagger of venom (weapon)
Armour
 c - a +0 robe (worn)
Jewellery
 i - a ring of magical power (left hand)
Scrolls
 b - a scroll of summoning
 d - a scroll of fog {unknown}
 e - a scroll of amnesia {unknown}
 h - a scroll of teleportation {unknown}


   Skills:
 + Level 2.6 Fighting
 + Level 6.5 Short Blades
 + Level 0.9 Long Blades
 + Level 0.9 Axes
 + Level 0.9 Maces & Flails
 + Level 0.9 Polearms
 + Level 0.9 Staves
 + Level 0.9 Slings
 + Level 0.9 Bows
 + Level 0.9 Crossbows
 + Level 0.9 Throwing
 + Level 4.5 Armour
 + Level 0.9 Dodging
 + Level 2.4 Stealth
 + Level 0.9 Shields
 + Level 0.9 Unarmed Combat
 + Level 5.0 Spellcasting
 + Level 0.6 Conjurations
 + Level 0.6 Hexes
 + Level 0.6 Summonings
 + Level 0.6 Necromancy
 + Level 0.6 Translocations
 + Level 0.6 Transmutations
 + Level 0.6 Fire Magic
 + Level 0.6 Ice Magic
 + Level 0.6 Air Magic
 + Level 0.6 Earth Magic
 + Level 0.6 Poison Magic
 + Level 1.0 Invocations
 + Level 0.9 Evocations


You had 11 spell levels left.
You knew the following spells:

 Your Spells              Type           Power      Damage    Failure   Level
a - Shock                 Conj/Air       24%        1d4       16%         1

Your spell library contained the following spells:

 Spells                   Type           Power      Damage    Failure   Level
 Slow                     Hex            24%        N/A       16%         1
 Poisonous Vapours        Pois/Air       12%        N/A       24%         2
 Wereblood                Tmut           6%         N/A       24%         2
 Portal Projectile        Hex/Tloc       12%        N/A       43%         3
 Tukima's Dance           Hex            6%         N/A       43%         3
 Blade Hands              Tmut           3%         N/A       99%         5


Dungeon Overview and Level Annotations

Branches:
Dungeon (2/15)

Altars:
Hepliaklqana

Annotations:
D:1 2 transporters


Innate Abilities, Weirdness & Mutations

Your life essence is reduced to manifest your ancestor. (-10% HP)
You have very sharp teeth.
Your uncanny sense of smell can sniff out nearby items.
Your experience applies equally to all skills.


Message History

The goblin hits you but does no damage. Terence hits you with a +0 falchion.
Cyneburga closely misses Terence.
Terence attacks as you move away! Terence hits you with a +0 falchion.
* * * LOW HITPOINT WARNING * * *
The bat hits you but does no damage.
Terence barely misses Cyneburga.
The bat barely misses you.
Cyneburga barely misses Terence.
You closely miss the bat.
You kill Terence!
The bat hits you but does no damage.
The bat closely misses Cyneburga.
The goblin hits Cyneburga with a +0 club.
Cyneburga is destroyed!
Your Spellcasting skill increases to level 5!
Your Invocations skill increases to level 1!
You have reached level 3!
Your experience leads to an increase in your attributes!
Increase (S)trength, (I)ntelligence, or (D)exterity?
You feel clever. x2
You closely miss the bat. You bite the bat, but do no damage. The bat hits you.
* * * LOW HITPOINT WARNING * * *
The bat hits you but does no damage.
You barely miss the bat. The bat hits you but does no damage. x2
It was a potion of brilliance.
You feel clever all of a sudden.
Casting: Shock (safe; 16% risk of failure)
Confirm with . or Enter, or press ? or * to list all spells.
Aiming: Shock (safe; 16% risk of failure)
Press: ? - help, Shift-Dir - straight line, f - bat
Aim: a bat (47% to hit)
You feel a surge of power!
You miscast Shock.
You are very lightly contaminated with residual magic.
Nothing appears to happen.
The goblin closely misses you.
Unknown command.
Casting: Shock (safe; 16% risk of failure)
Confirm with . or Enter, or press ? or * to list all spells.
Aiming: Shock (safe; 16% risk of failure)
Press: ? - help, Shift-Dir - straight line, f/p - bat
Aim: a bat (47% to hit)
You feel a surge of power!
You miscast Shock.
Nothing appears to happen.
The goblin hits you with a +0 club.
You die...

........>#
.........#
.........#
..)......#
.........#
........)#
.......rb#
########g#
#@# #.#
#.# #(#
#.# #.#
#.# #.#
#.#


You could see a goblin, a bat and a rat.

Vanquished Creatures
  Terence (D:2)
  3 ball pythons (D:1)
  2 bats (D:1)
  4 endoplasms
  2 hobgoblins (D:1)
  2 frilled lizards
  4 kobolds
  A rat (D:2)
19 creatures vanquished.

Vanquished Creatures (others)
  An ancestor (D:2)
1 creature vanquished.

Grand Total: 20 creatures vanquished

Notes
Turn   | Place    | Note
-------+----------+-------------------------------------------
     0 | D:1      | fernweh the Gnoll Wanderer began the quest for the Orb.
     0 | D:1      | fernweh set off with the following items: a +1 short sword,
                  | a scroll of summoning, a +0 robe; and the following spells
                  | available to memorise: Shock, Slow, Poisonous Vapours,
                  | Wereblood.
     0 | D:1      | Reached XP level 1. HP: 17/17 MP: 6/6
   380 | D:1      | Reached XP level 2. HP: 21/23 MP: 7/7
   382 | D:1      | Learned a level 1 spell: Shock
   446 | D:1      | Found a faded altar of an unknown god.
   467 | D:1      | Prayed at the altar of an unknown god.
   467 | D:1      | Became a worshipper of Hepliaklqana the Forgotten
   467 | D:1      | Reached * piety under Hepliaklqana
   957 | D:2      | Noticed Terence
   968 | D:2      | Killed Terence
   969 | D:2      | Reached skill level 5 in Spellcasting
   969 | D:2      | Reached skill level 1 in Invocations
   969 | D:2      | Reached XP level 3. HP: 5/25 MP: 9/9
   974 | D:2      | Slain by a goblin

Illustrated notes

Levels and vault maps discovered:
D:1:      spicycebolla_arrival_transporter_tutorial, layout_basic,
          basic_ecumenical_altar, hangedman_decor_points
D:2:      layout_basic, serial_glass, glass_columns_b, glass_columns_b,
          basic_altar, uniq_terence

Skill      XL: |  1  2 |
---------------+-------+-----
Spellcasting   | 5 |  5.0
Invocations    | 1 |  1.0
Fighting       | |  2.6
Short Blades   | |  6.5
Long Blades    | |  0.9
Axes           | |  0.9
Maces & Flails | |  0.9
Polearms       | |  0.9
Staves         | |  0.9
Slings         | |  0.9
Bows           | |  0.9
Crossbows      | |  0.9
Throwing       | |  0.9
Armour         | |  4.5
Dodging        | |  0.9
Stealth        | |  2.4
Shields        | |  0.9
Unarmed Combat | |  0.9
Conjurations   | |  0.6
Hexes          | |  0.6
Summonings     | |  0.6
Necromancy     | |  0.6
Translocations | |  0.6
Transmutations | |  0.6
Fire Magic     | |  0.6
Ice Magic      | |  0.6
Air Magic      | |  0.6
Earth Magic    | |  0.6
Poison Magic   | |  0.6
Evocations     | |  0.9

Action                   || total
-------------------------++-------
Melee: Short sword       ||    22
       Dagger            ||    18
       Bite              ||     2
 Cast: Shock             ||     2
Invok: Ancestor Identity ||     1
  Use: Potion            ||     1
 Stab: Sleeping          ||     8
Armor: Robe              ||    12
Dodge: Dodged            ||    17

Table legend: (Time is in decaauts)
 A = Elapsed time spent in this place.
 B = Non-inter-level travel time spent in this place.
 C = Inter-level travel time spent in this place.
 D = Time resting spent in this place.
 E = Time spent auto-exploring this place.
 F = Levels seen in this place.
 G = Mean time per level.
                   A        B        C        D        E       F      G
               +--------+--------+--------+--------+--------+-----+--------+
         Total |    963 |    912 |     51 |     64 |    701 |   2 |  481.5 |
       Dungeon |    963 |    912 |     51 |     64 |    701 |   2 |  481.5 |
               +--------+--------+--------+--------+--------+-----+--------+

Top non-repeatable levels by time:
     D:1: 839 daAuts
     D:2: 124 daAuts
